 Dungeon Crawl Stone Soup version 0.32-a0-705-g60f233581c (webtiles) character file.

Game seed: 11449492657388021004

1338 hikkokomori the Shooter (level 8, -7/61 HPs)
             Began as a Coglin Hunter on Mar 14, 2024.
             Was a Follower of Okawaru.
             Killed from afar by a steam dragon (10 damage)
             ... with a ball of steam
             ... on level 6 of the Dungeon.
             The game lasted 00:10:25 (4628 turns).

hikkokomori the Shooter (Coglin Hunter)             Turns: 4628, Time: 00:10:26

Health: -7/61      AC:  4    Str: 11    XL:     8   Next: 61%
Magic:  9/11       EV: 11    Int:  8    God:    Okawaru [*.....]
Gold:   279        SH:  0    Dex: 21    Spells: 8/11 levels left

rFire   . . .        a - +2 sling {Yawen}
rCold   . . .        d - +0 sling {Haoran}
rNeg    . . .        c - +0 leather armour
rPois   .            (no helmet)
rElec   .            (no cloak)
rCorr   .            (no gloves)
SInv    .            y - +0 pair of boots
Will    .....        (amulet unavailable)
Stlth   ++           (ring unavailable)
HPRegen 0.30/turn    (ring unavailable)
MPRegen 0.12/turn    (no gizmo)

%: no passive effects
@: revved
A: off-hand wielding, slow wielding, warmup strikes, no jewellery
a: Invent Gizmo, Renounce Religion, Heroism


You were on level 6 of the Dungeon.
You worshipped Okawaru.
Okawaru was aware of your devotion.
You visited 2 branches of the dungeon, and saw 7 of its levels.

You collected 279 gold pieces.

Inventory:

Hand Weapons
 a - a +2 sling (weapon) {Yawen}
 b - a +3 short sword of speed
 d - a +0 sling (offhand) {Haoran}
 n - a +1 vampiric whip
 r - a +2 dagger of protection
Armour
 c - a +0 leather armour (worn)
 y - a +0 pair of boots (worn)
Wands
 l - a wand of digging (3)
 u - a wand of flame (4)
Scrolls
 e - a scroll of teleportation
 f - 2 scrolls of identify {unknown}
 g - 2 scrolls of brand weapon {unknown}
 h - 2 scrolls of poison {unknown}
 i - a scroll of acquirement {unknown}
 j - a scroll of immolation {unknown}
 k - 3 scrolls of enchant armour {unknown}
 o - 2 scrolls of revelation {unknown}
 q - a scroll of amnesia {unknown}
 s - a scroll of fear {unknown}
 t - 2 scrolls of torment {unknown}
 w - 2 scrolls of vulnerability {unknown}
Potions
 m - a potion of curing
 p - a potion of heal wounds {unknown}
 v - a potion of magic
 x - a potion of degeneration {unknown}


   Skills:
 + Level 4.6 Fighting
 + Level 6.1 Ranged Weapons
 - Level 2.4 Dodging
 - Level 2.0 Stealth
 - Level 2.0 Spellcasting
 + Level 4.9 Necromancy
 + Level 0.6 Invocations
 - Level 4.4 Evocations


You had 8 spell levels left.
You knew the following spells:

 Your Spells              Type           Power      Damage    Failure   Level
a - Fugue of the Fallen   Necr           8%         N/A       19%         3

Your spell library contained the following spells:

 Spells                   Type           Power      Damage    Failure   Level
 Freeze                   Ice            0%         1d3       43%         1
 Ensorcelled Hibernation  Hex/Ice        0%         N/A       56%         2
 Frozen Ramparts          Ice            0%         1d1       80%         3
 Hailstorm                Conj/Ice       0%         3d5       80%         3
 Ozocubu's Armour         Ice            0%         N/A       80%         3
 Anguish                  Hex/Necr       2%         N/A       86%         4
 Manifold Assault         Tloc           0%         N/A       99%         4


Dungeon Overview and Level Annotations

Branches:
Dungeon (6/15)             Temple (1/1) D:5

Altars:
Ashenzari
Cheibriados
Dithmenos
Elyvilon
Fedhas
Gozag
Hepliaklqana
Kikubaaqudgha
Makhleb
Nemelex Xobeh
Okawaru
Qazlal
Ru
Sif Muna
Uskayaw
Vehumet
Wu Jian
Xom
Yredelemnul
Zin
The Shining One

Annotations:
D:6 1 runed translucent door, BeKind's ghost, novice OpIE


Innate Abilities, Weirdness & Mutations

You can wield a second weapon in your off-hand.
It takes a long time for you to wield or remove held weapons.
Your first few attacks do less damage.
You cannot equip rings or amulets.


Message History

The steam dragon is heavily wounded.
You shoot a sling bullet. The sling bullet hits the steam dragon.
The steam dragon is severely wounded.
You are engulfed in a cloud of scalding steam.
The steam dragon bites you. The steam dragon claws you.
You shoot a sling bullet.
The sling bullet hits the steam dragon but does no damage.
The steam dragon is severely wounded.
You shoot a sling bullet.
The sling bullet barely misses the steam dragon.
The steam dragon closely misses you. The steam dragon barely misses you.
The steam dragon bites you.
The steam dragon claws you but does no damage.
You shoot a sling bullet.
The sling bullet hits the steam dragon but does no damage.
The steam dragon is severely wounded.
You shoot a sling bullet.
The sling bullet hits the steam dragon but does no damage.
The steam dragon is severely wounded.
The steam dragon closely misses you. The steam dragon barely misses you.
Your magical contamination has completely faded away.
You shoot a sling bullet. The sling bullet hits the steam dragon.
The steam dragon is severely wounded.
You shoot a sling bullet. The sling bullet hits the steam dragon.
The steam dragon is severely wounded.
The steam dragon breathes steam at you. The ball of steam hits you!!
You shoot a sling bullet.
The sling bullet closely misses the steam dragon.
You shoot a sling bullet.
The sling bullet hits the steam dragon but does no damage.
The steam dragon is severely wounded.
You are engulfed in a cloud of scalding steam.
* * * LOW HITPOINT WARNING * * *
The steam dragon bites you!
* * * LOW HITPOINT WARNING * * *
The steam dragon claws you but does no damage.
The steam dragon breathes steam at you. The ball of steam hits you!
You die...

#####..>.#.##
#....#.#
##......#
#.......####.#
#...........#
#.......####...
##§............
##§§§§D#####..#
#....@..#
#............
#.......####.
##.....##
##....# ####.#
#.# .#


You could see a steam dragon (catching breath).

Vanquished Creatures
  A wyvern (D:6)
  Menkaure (D:5)
  Duvessa (D:5)
  A black bear (D:4)
  3 centaurs
  2 scorpions (D:4)
  Dowan (D:5)
  4 bombardier beetles
  2 hounds
  An orc priest (D:5)
  2 iguanas
  2 orc wizards
  8 adders
  A white imp (D:5)
  2 dart slugs
  A ribbon worm (D:2)
  10 orcs
  3 ball pythons
  An endoplasm (D:3)
  4 giant cockroaches
  6 goblins
  6 hobgoblins
  9 kobolds
  A bat (D:2)
  3 frilled lizards
  4 rats
80 creatures vanquished.

Notes
Turn   | Place    | Note
-------+----------+-------------------------------------------
     0 | D:1      | hikkokomori the Coglin Hunter began the quest for the Orb.
     0 | D:1      | Reached XP level 1. HP: 16/16 MP: 1/1
   122 | D:1      | Reached skill level 1 in Stealth
   245 | D:1      | Reached XP level 2. HP: 22/22 MP: 2/2
   674 | D:2      | Reached XP level 3. HP: 28/28 MP: 3/3
  1021 | D:3      | Reached skill level 4 in Ranged Weapons
  1021 | D:3      | Reached XP level 4. HP: 33/34 MP: 4/4
  1027 | D:3      | Learned a level 3 spell: Fugue of the Fallen
  1296 | D:3      | Found a faded altar of an unknown god.
  1338 | D:3      | Reached skill level 1 in Necromancy
  1734 | D:4      | Noticed a black bear
  1744 | D:4      | Killed a black bear
  1745 | D:4      | Reached XP level 5. HP: 17/41 MP: 5/5
  1851 | D:4      | Reached XP level 6. HP: 48/48 MP: 6/6
  2143 | D:4      | Found an ornate altar of the Wu Jian Council.
  2146 | D:4      | Found a burning altar of Makhleb.
  2148 | D:4      | Found a blossoming altar of Fedhas.
  2150 | D:4      | Found a stormy altar of Qazlal.
  2223 | D:4      | Reached skill level 5 in Ranged Weapons
  2349 | D:5      | Entered Level 5 of the Dungeon
  2416 | D:5      | Reached skill level 1 in Evocations
  2416 | D:5      | Reached XP level 7. HP: 28/54 MP: 7/7
  2562 | D:5      | Noticed Menkaure
  2569 | D:5      | Killed Menkaure
  2570 | D:5      | Reached skill level 1 in Spellcasting
  2798 | D:5      | Noticed Duvessa
  2798 | D:5      | Noticed Dowan
  3241 | D:5      | Found a staircase to the Ecumenical Temple.
  3250 | Temple   | Entered the Ecumenical Temple
  3322 | Temple   | Became a worshipper of Warmaster Okawaru
  3421 | D:5      | Killed Dowan
  3422 | D:5      | Reached XP level 8. HP: 53/60 MP: 7/10
  3426 | D:5      | HP: 1/90 [Duvessa/+3 short sword of speed (8)]
  3427 | D:5      | Killed Duvessa
  4162 | D:6      | Found a runed translucent door.
  4166 | D:6      | Noticed BeKind's ghost (novice OpIE)
  4177 | D:6      | Noticed a wyvern
  4183 | D:6      | Killed a wyvern
  4183 | D:6      | Reached * piety under Okawaru
  4184 | D:6      | Reached skill level 6 in Ranged Weapons
  4627 | D:6      | HP: 3/61 [steam dragon (9)]
  4628 | D:6      | Killed from afar by a steam dragon

Illustrated notes

Levels and vault maps discovered:
D:1:      dpeg_arrival_three_same_balls, layout_rooms, minmay_pentomino_u2
D:2:      layout_basic, grunt_ministairs_3
D:3:      layout_basic, basic_ecumenical_altar
D:4:      layout_cave_pools, nicolae_overflow_macrodata_refinement,
          kennysheep_pointless_box, supply_closet_lemuel
D:5:      layout_basic, minmay_temple_entry_proselytizer, moated_statue,
          uniq_menkaure, uniq_duvessa
D:6:      layout_loops_ring, ebering_ghost_reflecting_pool,
          kennysheep_generic_room_16
Temple:   minmay_temple_bridge_d

Skill      XL: |  1  2  3  4  5  6  7  8 |
---------------+-------------------------+-----
Stealth        | 1 2 |  2.0
Dodging        | 2 |  2.4
Ranged Weapons | 4 5 6 |  6.1
Necromancy     | 1 2 3 4 |  4.9
Fighting       | 3 4 |  4.6
Evocations     | 1 3 4 |  4.4
Spellcasting   | 1 2 |  2.0
Invocations    | |  0.6

Action                     |  1- 3 |  4- 6 |  7- 9 || total
---------------------------+-------+-------+-------++-------
   Fire: Sling             |   106 |   192 |   182 ||   480
   Cast: Fugue of the Fall |       |       |     2 ||     2
  Evoke: Wand              |       |     1 |    10 ||    11
    Use: Potion            |       |       |     6 ||     6
         Scroll            |       |       |     2 ||     2
 Armour: Leather armour    |    12 |    26 |    54 ||    92
         Skin              |       |       |    19 ||    19
  Dodge: Dodged            |    12 |    17 |    24 ||    53

Table legend: (Time is in decaauts)
 A = Elapsed time spent in this place.
 B = Non-inter-level travel time spent in this place.
 C = Inter-level travel time spent in this place.
 D = Time resting spent in this place.
 E = Time spent auto-exploring this place.
 F = Levels seen in this place.
 G = Mean time per level.
                   A        B        C        D        E       F      G
               +--------+--------+--------+--------+--------+-----+--------+
         Total |   4680 |   4204 |    476 |    467 |   3085 |   7 |  668.6 |
       Dungeon |   4391 |   4202 |    189 |    467 |   3085 |   6 |  731.8 |
        Temple |    289 |      3 |    286 |      0 |      0 |   1 |  289.0 |
               +--------+--------+--------+--------+--------+-----+--------+

Top non-repeatable levels by time:
     D:5: 1440 daAuts
     D:3: 697 daAuts
     D:4: 661 daAuts
     D:6: 566 daAuts
     D:2: 535 daAuts
     D:1: 489 daAuts
  Temple: 289 daAuts
